 Dungeon Crawl Stone Soup version 0.29-a0-474-gdfe5cd140f (webtiles) character file.

Game seed: 8235899256871990773

36629 Bruhh the Grappler (level 13, -4/138 HPs)
             Began as a Grey Draconian Transmuter on May 24, 2022.
             Was a High Priest of Makhleb.
             Slain by a blink frog (9 damage)
             ... on level 6 of the Lair of Beasts.
             The game lasted 00:30:52 (25940 turns).

Bruhh the Grappler (Grey Draconian Transmuter)     Turns: 25940, Time: 00:30:53

Health: -4/138     AC:  9    Str: 14    XL:     13   Next: 54%
Magic:  9/24       EV: 11    Int: 24    God:    Makhleb [*****.]
Gold:   785        SH:  0    Dex: 17    Spells: 7/27 levels left

rFire   x . .      SeeInvis .     - Unarmed
rCold   + + +      Faith    +   (shield currently unavailable)
rNeg    . . .      Spirit   .   (body armour unavailable)
rPois   +          Reflect  .   (helmet currently unavailable)
rElec   .          Harm     .   (cloak currently unavailable)
rCorr   .          Rampage  .   (gloves currently unavailable)
Will    .....                   (boots currently unavailable)
Stlth   ++........              p - amulet of faith
HPRegen 0.00/turn               s - +6 ring of dexterity
MPRegen 0.19/turn               G - +6 ring of intelligence

@: about to teleport, ice-form, sick
A: freezing attack, boosted hp, AC +13, amphibious, large, unfitting armour,
(cold-blooded)
a: End Transformation, Renounce Religion, Minor Destruction, Lesser Servant of
Makhleb, Major Destruction, Greater Servant of Makhleb


You were on level 6 of the Lair of Beasts.
You worshipped Makhleb.
Makhleb was extremely pleased with you.
You were a creature of crystalline ice.
You visited 3 branches of the dungeon, and saw 18 of its levels.

You collected 785 gold pieces.

Inventory:

Hand Weapons
 n - a +2 dagger of venom
Armour
 a - a +0 pair of boots
 g - a +0 kite shield
Jewellery
 p - an amulet of faith (around neck)
 s - a +6 ring of dexterity (left front paw)
 y - a +4 ring of protection
 E - an amulet of magic regeneration
 G - a +6 ring of intelligence (right front paw)
 H - a ring of protection from fire
 I - a ring of ice
 O - a ring of see invisible
Wands
 d - a wand of iceblast (15)
 e - a wand of acid (2)
 m - a wand of flame (41)
Scrolls
 c - 3 scrolls of fear
 i - 5 scrolls of enchant armour
 j - 5 scrolls of immolation
 q - 4 scrolls of fog
 r - 2 scrolls of magic mapping
 u - 4 scrolls of poison
 v - 2 scrolls of torment
 C - 2 scrolls of amnesia {unknown}
 D - 5 scrolls of identify
 K - a scroll of noise {unknown}
 N - a scroll of summoning {unknown}
Potions
 f - a potion of haste
 h - a potion of resistance
 k - a potion of invisibility
 l - 2 potions of mutation
 o - 2 potions of ambrosia {unknown}
 t - 5 potions of heal wounds
 w - 4 potions of degeneration
 x - 2 potions of attraction {unknown}
 z - a potion of magic
 A - a potion of might
 B - a potion of curing
 F - a potion of cancellation {unknown}
 J - 2 potions of flight
 L - 4 potions of berserk rage
 M - a potion of brilliance {unknown}


   Skills:
 + Level 10.9 Fighting
 + Level 4.0 Dodging
 - Level 13.0 Unarmed Combat
 + Level 7.7 Spellcasting
 - Level 6.0 Conjurations
 - Level 8.0 Transmutations
 - Level 5.0 Ice Magic
 - Level 6.0 Poison Magic
 - Level 9.1 Invocations


You had 7 spell levels left.
You knew the following spells:

 Your Spells              Type           Power      Damage    Failure   Level
a - Beastly Appendage     Tmut           94%        N/A       1%          1
b - Spider Form           Tmut/Pois      42%        N/A       1%          3
c - Ice Form              Ice/Tmut       40%        N/A       4%          4
d - Ignite Poison         Fire/Tmut/Pois 31%        N/A       3%          3
e - Olgreb's Toxic Radia  Pois           38%        N/A       5%          4
f - Irradiate             Conj/Tmut      21%        3d20      11%         5

Your spell library contained the following spells:

 Spells                   Type           Power      Damage    Failure   Level
 Foxfire                  Conj/Fire      92%        2x1d8     1%          1
 Magic Dart               Conj           100%       1d8       1%          1
 Sting                    Tmut/Pois      100%       1d8       1%          1
 Passwall                 Tmut/Erth      23%        N/A       1%          2
 Wereblood                Tmut           47%        N/A       1%          2
 Ensorcelled Hibernation  Hex/Ice        42%        N/A       3%          2
 Poisonous Vapours        Pois/Air       46%        N/A       3%          2
 Mephitic Cloud           Conj/Pois/Air  28%        N/A       3%          3
 Conjure Flame            Conj/Fire      23%        6-21      6%          3
 Blink                    Tloc           18%        N/A       10%         2
 Call Imp                 Summ           9%         N/A       10%         2
 Sublimation of Blood     Necr           9%         N/A       10%         2
 Petrify                  Tmut/Erth      28%        N/A       13%         4
 Flame Wave               Conj/Fire      23%        2d7       19%         4
 Fulminant Prism          Conj/Hex       11%        3d9       19%         4
 Iskenderun's Mystic Bla  Conj/Tloc      23%        2d6       19%         4
 Sticky Flame             Conj/Fire      23%        2d4       19%         4
 Inner Flame              Hex/Fire       9%         N/A       21%         3
 Lesser Beckoning         Tloc           9%         N/A       21%         3
 Swiftness                Air            9%         N/A       21%         3
 Lee's Rapid Deconstruct  Erth           4%         3d6*      88%         5
 Manifold Assault         Tloc           9%         N/A       88%         5
 Chain Lightning          Conj/Air       11%        3d15      100%        9
 Fire Storm               Conj/Fire      11%        8d3       100%        9
 Shatter                  Erth           4%         3d8*      100%        9


Dungeon Overview and Level Annotations

Branches:
Dungeon (11/15)            Temple (1/1) D:4            Lair (6/6) D:11
  Swamp (0/4) Lair:4        Snake (0/4) Lair:2          Orc (0/2) D:9
  Slime: Lair:5-6

Altars:
Ashenzari
Dithmenos
Fedhas
Gozag
Hepliaklqana
Kikubaaqudgha
Makhleb
Okawaru
Qazlal
Ru
Sif Muna
Uskayaw
Vehumet
Xom
Zin
Beogh

Shops:
D:4 (   D:8 =   D:11 !

Annotations:
D:7 3 runed translucent doors, Longtemps's ghost, novice OpEE
Lair:2 2 transporters, Bock's ghost, journeyman SpEn


Innate Abilities, Weirdness & Mutations

You are a creature of crystalline ice.
You have a powerful freezing melee attack.
Your maximum health is increased.
Your armour is entirely melded.
You are incapable of wielding weapons or throwing items.
((Your dull iron-grey scales are very hard. (AC +13)))
You are amphibious.
You cannot fit into any form of body armour.
((You are cold-blooded and may be slowed by cold attacks.))


Message History

A small abomination comes into view.
The blink frog blinks!
A small abomination comes into view.
The blink frog hits you!
The blink frog blinks!
You pummel the blink frog!! You freeze the blink frog.
You kill the blink frog!
Makhleb accepts your kill.
You feel better.
The blink frog blinks!
A smoke demon comes into view.
Found a scroll of teleportation.
You closely miss the blink frog. The blink frog hits you.
You closely miss the blink frog.
The smoke demon roars!
The small abomination hits you! The blink frog hits you!
The blink frog blinks!
The smoke demon gestures at you. Something smites you!
You are too injured to fight recklessly!
Unknown command.
As you read the scroll of teleportation, it crumbles to dust.
You feel strangely unstable.
The small abomination barely misses you.
The small abomination hits you!
* * * LOW HITPOINT WARNING * * *
The small abomination hits you but does no damage.
Unknown command.
You feel better. The small abomination hits you!
* * * LOW HITPOINT WARNING * * *
The blink frog closely misses you.
The small abomination closely misses you.
The smoke demon gestures at you. The sticky flame misses you.
The small abomination hits you.
* * * LOW HITPOINT WARNING * * *
You feel better. The blink frog hits you!
* * * LOW HITPOINT WARNING * * *
The blink frog barely misses you.
The small abomination barely misses you.
The small abomination hits you!
* * * LOW HITPOINT WARNING * * *
The blink frog hits you!
You die...

♣.....♣♣.♣♣♣.♣♣.
♣.†).♣♣♣..♣...♣.
♣♣..♣♣♣♣♣.......
♣♣.†♣♣)♣♣..♣♣..P
♣♣..♣♣♣.....♣♣.P#
♣...♣♣......♣♣..#
♣♣..♣♣♣♣♣♣♣.♣♣♣...
♣♣FF.♣ ♣.♣ ♣..#
♣.Y†♣♣ ♣♣♣ ♣...
♣x.x♣ ♣..P ♣....♣
.... ♣..3♣♣ ...#
....♣ ♣.... ♣.....
♣♣♣.. ♣..♣♣. ..
?.. .


You could see a smoke demon, 2 blink frogs and 2 small abominations.

Vanquished Creatures
  Fannar (Lair:2)
  A boulder beetle (Lair:1)
  3 hydras
  4 two-headed ogres
  A large abomination (Lair:6)
  A bog body (Lair:4)
  2 deep elf pyromancers
  2 oklob plants (D:11)
  A manticore (D:11)
  Joseph (D:8)
  5 elephants (Lair:3)
  A black mamba (Lair:6)
  A torpor snail (Lair:4)
  12 cane toads
  A kobold demonologist (D:9)
  3 rime drakes
  Maggie (D:9)
  6 komodo dragons
  A troll (D:11)
  2 polar bears
  An ancient zyme (Lair:6)
  2 hornets
  A dream sheep (shapeshifter) (Lair:6)
  15 blink frogs
  Sigmund (D:6)
  A wraith (D:10)
  4 wyverns
  Eustachio (D:4)
  20 yaks
  2 small abominations (Lair:6)
  6 humans (D:6)
  Grum (D:9)
  A vampire mosquito (D:9)
  A chaos spawn (Lair:6)
  8 basilisks
  2 steam dragons
  Menkaure (D:6)
  5 nagas (Lair:2)
  3 swamp worms (Lair:4)
  13 water moccasins
  An ice beast (D:7)
  5 orc warriors
  2 sky beasts
  9 wolves
  4 centaurs
  2 ogres
  A phantom (D:7)
  2 kobold brigands
  Blork the orc (D:6)
  15 bullfrogs
  2 gnoll sergeants (D:9)
  7 necrophages
  3 scorpions
  4 wights (D:7)
  4 killer bees
  An electric eel (Lair:4)
  3 lava snakes (D:8)
  7 howler monkeys
  2 hounds
  8 orc priests
  A gnoll shaman (D:3)
  A jelly (D:7)
  2 iguanas
  Ijyb (D:4)
  2 hell rats (Lair:4)
  Natasha (thrice) (D:4)
  9 orc wizards
  Robin (D:2)
  20 gnolls
  7 adders
  12 river rats
  4 white imps
  An ufetubus (D:6)
  2 worms (D:2)
  3 dart slugs
  46 orcs
  7 bats
  6 endoplasms
  8 giant cockroaches
  12 goblins
  9 hobgoblins
  3 quokkas
  8 ball pythons
  4 frilled lizards
  11 kobolds
  3 rats
408 creatures vanquished.

Vanquished Creatures (collateral kills)
  A blink frog (Lair:3)
1 creature vanquished.

Vanquished Creatures (others)
  An ogre (D:5)
  30 fungi
  36 plants
67 creatures vanquished.

Grand Total: 476 creatures vanquished

Notes
Turn   | Place    | Note
-------+----------+-------------------------------------------
     0 | D:1      | Bruhh the Draconian Transmuter began the quest for the Orb.
     0 | D:1      | Reached XP level 1. HP: 16/16 MP: 3/3
    97 | D:1      | Found a faded altar of an unknown god.
   164 | D:1      | Reached XP level 2. HP: 23/23 MP: 3/5
   966 | D:2      | Reached XP level 3. HP: 26/29 MP: 4/6
  1657 | D:3      | Noticed Robin
  2145 | D:2      | Killed Robin
  2146 | D:2      | Reached XP level 4. HP: 8/36 MP: 6/8
  2625 | D:3      | Reached XP level 5. HP: 27/42 MP: 9/9
  2676 | D:2      | Reached skill level 4 in Unarmed Combat
  3753 | D:4      | Reached XP level 6. HP: 51/51 MP: 9/11
  3859 | D:4      | Found Hatoor's Antique Weapon Boutique.
  4343 | D:4      | Noticed Eustachio
  4366 | D:4      | Killed Eustachio
  4367 | D:4      | Reached skill level 5 in Unarmed Combat
  4367 | D:4      | Your scales start taking on a dull iron-grey colour.
  4367 | D:4      | Reached XP level 7. HP: 18/60 MP: 13/13
  4387 | D:4      | Reached skill level 5 in Fighting
  4687 | D:4      | Noticed Natasha
  4695 | D:4      | Killed Natasha
  4696 | D:4      | Noticed Ijyb
  5260 | D:4      | Learned a level 3 spell: Spider Form
  5316 | D:4      | Found a staircase to the Ecumenical Temple.
  5329 | Temple   | Entered the Ecumenical Temple
  5522 | Temple   | Became a worshipper of Makhleb the Destroyer
  5759 | D:4      | Killed Ijyb
  5759 | D:4      | Noticed Natasha
  5761 | D:4      | Killed Natasha
  5766 | D:4      | Noticed Natasha
  5771 | D:4      | Killed Natasha
  5823 | D:5      | Entered Level 5 of the Dungeon
  5960 | D:5      | Reached skill level 6 in Unarmed Combat
  6267 | D:5      | Reached XP level 8. HP: 36/71 MP: 14/14
  6767 | D:6      | Noticed Sigmund
  6776 | D:6      | Killed Sigmund
  6777 | D:6      | Reached skill level 7 in Unarmed Combat
  7155 | D:6      | Noticed Menkaure
  7168 | D:6      | Killed Menkaure
  7453 | D:6      | Reached skill level 8 in Unarmed Combat
  7477 | D:6      | Reached XP level 9. HP: 18/82 MP: 12/15
  8216 | D:6      | Reached skill level 9 in Unarmed Combat
  8308 | D:6      | Noticed Blork the orc
  8315 | D:6      | Killed Blork the orc
  8315 | D:6      | Reached * piety under Makhleb
  8324 | D:6      | Found a shimmering blue altar of Sif Muna.
  8583 | D:7      | Found a runed translucent gate.
  8885 | D:7      | Reached skill level 10 in Fighting
  9400 | D:7      | Found a runed translucent gate.
  9401 | D:7      | Found a runed translucent gate.
  9402 | D:7      | Noticed Longtemps's ghost (novice OpEE)
  9404 | D:7      | Identified the +1 chain mail of the Howling Gods {Rampage
                  | +Blink rElec Dex-2}
  9409 | D:7      | Learned a level 4 spell: Ice Form
  9588 | D:8      | Noticed a deep elf pyromancer
  9754 | D:7      | Reached skill level 1 in Ice Magic
  9869 | D:8      | Killed a deep elf pyromancer
  9870 | D:8      | Reached skill level 10 in Unarmed Combat
  9870 | D:8      | Reached XP level 10. HP: 87/93 MP: 13/16
 10071 | D:8      | Reached ** piety under Makhleb
 10485 | D:8      | Reached skill level 5 in Transmutations
 10540 | D:8      | Found Mineacko's One-of-a-Kind Rings.
 10710 | D:8      | Noticed Joseph
 10996 | D:8      | Killed Joseph
 11609 | D:9      | Noticed a two-headed ogre
 11616 | D:9      | Killed a two-headed ogre
 11617 | D:9      | Reached skill level 5 in Ice Magic
 11984 | D:9      | Found an ancient bone altar of Kikubaaqudgha.
 12023 | D:9      | Noticed a two-headed ogre
 12032 | D:9      | Killed a two-headed ogre
 12589 | D:9      | Noticed Grum
 12603 | D:9      | Reached XP level 11. HP: 97/99 MP: 17/17
 12611 | D:9      | Killed Grum
 12611 | D:9      | Reached *** piety under Makhleb
 13333 | D:9      | Noticed Maggie
 13341 | D:9      | Killed Maggie
 13605 | D:9      | Found a staircase to the Orcish Mines.
 13719 | D:9      | Noticed a deep elf pyromancer
 13725 | D:9      | Killed a deep elf pyromancer
 13948 | D:10     | Entered Level 10 of the Dungeon
 13970 | D:10     | Reached skill level 11 in Unarmed Combat
 14088 | D:10     | Noticed a two-headed ogre
 14105 | D:10     | Killed a two-headed ogre
 14105 | D:10     | Reached **** piety under Makhleb
 14106 | D:10     | Reached skill level 5 in Invocations
 14553 | D:10     | Noticed a two-headed ogre
 14561 | D:10     | Killed a two-headed ogre
 15632 | D:11     | Found a staircase to the Lair.
 15632 | D:11     | Noticed an oklob plant
 15638 | D:11     | Noticed an oklob plant
 16327 | D:11     | Found Evuug's Distillery.
 16538 | D:11     | Killed an oklob plant
 16539 | D:11     | Reached skill level 12 in Unarmed Combat
 16613 | D:11     | Killed an oklob plant
 16903 | Lair:1   | Entered Level 1 of the Lair of Beasts
 17323 | Lair:1   | Reached XP level 12. HP: 106/106 MP: 13/18
 17413 | Lair:1   | Noticed a boulder beetle
 17428 | Lair:1   | Killed a boulder beetle
 18389 | Lair:2   | Noticed Bock's ghost (journeyman SpEn)
 18392 | Lair:2   | Found a transporter.
 18499 | Lair:2   | Found a staircase to the Snake Pit.
 18760 | Lair:2   | Reached skill level 13 in Unarmed Combat
 18810 | Lair:2   | Reached skill level 1 in Poison Magic
 19097 | Lair:2   | Found a transporter.
 19217 | Lair:2   | Noticed Fannar
 19232 | Lair:2   | Killed Fannar
 19233 | Lair:2   | Reached skill level 5 in Spellcasting
 20539 | Lair:3   | Reached ***** piety under Makhleb
 20732 | Lair:3   | Reached skill level 5 in Poison Magic
 21044 | Lair:3   | Learned a level 3 spell: Ignite Poison
 21049 | Lair:3   | Learned a level 4 spell: Olgreb's Toxic Radiance
 21084 | Lair:3   | Reached skill level 1 in Conjurations
 21163 | Lair:3   | Noticed a seven-headed hydra
 21171 | Lair:3   | Killed a seven-headed hydra
 21428 | Lair:3   | Noticed a boulder beetle
 21431 | Lair:3   | Noticed a five-headed hydra
 21824 | Lair:3   | You fall into a shaft and drop 2 floors!
 21932 | Lair:3   | Found a shimmering altar of Xom.
 21972 | Lair:3   | Killed a five-headed hydra
 22644 | Lair:4   | Reached skill level 5 in Conjurations
 22739 | Lair:3   | Learned a level 5 spell: Irradiate
 22788 | Lair:4   | Reached XP level 13. HP: 109/113 MP: 22/22
 22919 | Lair:4   | Found a staircase to the Swamp.
 23946 | Lair:4   | HP: 4/135 [cane toad (19)]
 25395 | Lair:6   | Entered Level 6 of the Lair of Beasts
 25898 | Lair:6   | Found the +0 staff of Battle
 25940 | Lair:6   | HP: 5/138 [small abomination (16)]
 25940 | Lair:6   | Slain by a blink frog

Illustrated notes

Levels and vault maps discovered:
D:1:      minmay_arrival_semitransparent, layout_rooms,
          chequers_ecumenical_altar_simple, minivault_4,
          wander_ebering_terrifying_dragon_lair
D:2:      layout_basic
D:3:      layout_basic, gup_sewer_entry_bubbles,
          amcnicky_mini_rare_corridor_liquid, uniq_robin
D:4:      layout_loops_cross, temple_fountains, serial_shops, shop,
          minmay_misc_feat_enclosed, nicolae_zen_rock_garden,
          kennysheep_nondescript, uniq_ijyb, uniq_natasha, uniq_eustachio
D:5:      layout_basic
D:6:      layout_basic, tgw_sif, minmay_ruffians, uniq_menkaure, uniq_sigmund
D:7:      layout_basic, biasface_ghost_orc_armoury
D:8:      layout_basic, nicolae_shop_unique_rings, kennysheep_island_fort,
          uniq_joseph
D:9:      layout_irregular_city, lemuel_tele_altar, hiddenorc1_lemuel,
          minmay_shattered_shrine, uniq_maggie, uniq_grum
D:10:     layout_roguey
D:11:     layout_small_grid, dpeg_oklobed_lair, serial_shops,
          nicolae_shop_hallway_stairs
Temple:   mainiacjoe_temple_cubbyholes
Lair:1:   layout_regular_city, infiniplex_staircase_pool, grunt_megastairs_1
Lair:2:   layout_cave_shapes, minmay_snake_entry_guardpost_medium,
          gammafunk_ghost_arena, roderic_carrion_pond, uniq_fannar
Lair:3:   layout_layer_cave, basic_altar, grunt_megastairs_5, lemuel_fruit_tree
Lair:4:   nzn_winding_woodlands_three_and_one
          [nzn_winding_woodlands_5x15_parted, nzn_winding_woodlands_5x15_twine,
          nzn_winding_woodlands_5x15_sidewinder,
          nzn_winding_woodlands_center_lodge], layout_gridlike,
          nicolae_swamp_entry_splash_gauntlet, kennysheep_rathole
Lair:5:   layout_regular_city
Lair:6:   hellmonk_lair_end_abyssal_woods, layout_cave_pods,
          minmay_slime_entry_oklob_open, basic_altar

Skill      XL: |  1  2  3  4  5  6  7  8  9 10 11 12 13 |
---------------+----------------------------------------+-----
Fighting       | 2 3 4 6 8 10 | 10.9
Transmutations | 3 4 8 |  8.0
Spellcasting   | 3 4 6 7 |  7.7
Unarmed Combat | 4 5 6 8 10 12 13 | 13.0
Ice Magic      | 2 5 |  5.0
Invocations    | 2 8 9 |  9.1
Poison Magic   | 6 |  6.0
Conjurations   | 5 6 |  6.0
Dodging        | 4 |  4.0

Action                   |  1- 3 |  4- 6 |  7- 9 | 10-12 | 13-15 || total
-------------------------+-------+-------+-------+-------+-------++-------
Melee: Unarmed           |   138 |     2 |   272 |   625 |   170 ||  1207
       Kick              |    18 |     9 |    25 |    16 |       ||    68
       Headbutt          |     7 |     7 |    17 |     3 |       ||    34
       Tailslap          |     9 |    15 |    34 |    22 |     2 ||    82
       Punch             |     2 |     3 |    12 |     9 |     1 ||    27
       Dagger            |       |   143 |     9 |       |       ||   152
 Cast: Beastly Appendage |    23 |     6 |    20 |     9 |       ||    58
       Spider Form       |       |       |     9 |     7 |       ||    16
       Ice Form          |       |       |       |    60 |    15 ||    75
       Irradiate         |       |       |       |       |     5 ||     5
       Olgreb's Toxic Ra |       |       |       |       |     2 ||     2
       Ignite Poison     |       |       |       |       |     1 ||     1
Invok: Lesser Servant of |       |       |       |     1 |       ||     1
Evoke: Wand              |       |       |     8 |     8 |       ||    16
  Use: Potion            |     1 |     7 |     3 |     1 |     5 ||    17
       Scroll            |       |       |     6 |    11 |     1 ||    18
 Stab: Sleeping          |     2 |     1 |     1 |     1 |       ||     5
Armor: Skin              |    57 |    44 |    97 |   253 |    46 ||   497
Dodge: Dodged            |    98 |   116 |   144 |   296 |    89 ||   743

Table legend: (Time is in decaauts)
 A = Elapsed time spent in this place.
 B = Non-inter-level travel time spent in this place.
 C = Inter-level travel time spent in this place.
 D = Time resting spent in this place.
 E = Time spent auto-exploring this place.
 F = Levels seen in this place.
 G = Mean time per level.
                   A        B        C        D        E       F      G
               +--------+--------+--------+--------+--------+-----+--------+
         Total |  25779 |  25321 |    458 |   3430 |  18473 |  18 | 1432.2 |
       Dungeon |  16618 |  16333 |    285 |   3035 |  10888 |  11 | 1510.7 |
        Temple |    217 |    194 |     23 |      0 |    181 |   1 |  217.0 |
          Lair |   8942 |   8792 |    150 |    395 |   7404 |   6 | 1490.3 |
               +--------+--------+--------+--------+--------+-----+--------+

Top non-repeatable levels by time:
     D:8: 2226 daAuts
  Lair:3: 2178 daAuts
  Lair:4: 2148 daAuts
     D:9: 1977 daAuts
  Lair:2: 1956 daAuts
     D:6: 1828 daAuts
     D:3: 1750 daAuts
    D:10: 1654 daAuts
     D:2: 1490 daAuts
  Lair:1: 1457 daAuts
     D:4: 1442 daAuts
    D:11: 1287 daAuts
     D:7: 1255 daAuts
     D:1: 952 daAuts
     D:5: 752 daAuts
